 Dungeon Crawl Stone Soup version 0.25.0-10-g039870ee82 (webtiles) character file.

Game seed: 3995297843764836716

1557 mopl the Vandal (level 8, 0/57 HPs)
             Began as an Octopode Arcane Marksman on June 22, 2020.
             Slain by a gnoll
             ... wielding a +0 flail
              (10 damage)
             ... on level 6 of the Dungeon.
             The game lasted 00:10:44 (6655 turns).

mopl the Vandal (Octopode Arcane Marksman)          Turns: 6655, Time: 00:10:44

Health: 0/57       AC:  1    Str: 10    XL:     8   Next: 88%
Magic:  9/9        EV: 16    Int: 15    God:
Gold:   192        SH:  0    Dex: 14    Spells: 8/9 levels left

rFire    + . .     SeeInvis .   b - +0 dagger (holy)
rCold    . . .     Gourm    .   (no shield)
rNeg     . . .     Faith    .   (helmet restricted)
rPois    .         Spirit   .   (no amulet)
rElec    .         Reflect  .   l - ring of stealth
rCorr    +         Harm     .   k - ring of protection from fire
MR       .....                  y - ring of resist corrosion
Stlth    +++++.....             (no ring)
HPRegen  0.19/turn              (no ring)
MPRegen  0.11/turn              (no ring)
                                (no ring)
                                (no ring)

@: no status effects
A: almost no armour, stealthy swim, amphibious, 8 rings, constrict 8, camouflage
1, gelatinous body 1
a: no special abilities


You were on level 6 of the Dungeon.
You were not hungry.

You visited 2 branches of the dungeon, and saw 7 of its levels.

You collected 192 gold pieces.

Inventory:

Hand Weapons
 a - a +2 vorpal hunting sling
 b - a +0 dagger of holy wrath (weapon)
Missiles
 c - 38 sling bullets
 g - 263 stones
 p - 25 poisoned darts (quivered)
 q - 8 atropa-tipped darts
Jewellery
 k - a ring of protection from fire (right tentacle)
 l - a ring of stealth (left tentacle)
 x - an uncursed ring of fire
 y - a ring of resist corrosion (on tentacle)
Scrolls
 e - a scroll of enchant armour {unknown}
 h - 3 scrolls of identify
 i - 3 scrolls of immolation {unknown}
 j - 3 scrolls of random uselessness {unknown}
 n - a scroll of magic mapping {unknown}
 o - a scroll of fog {unknown}
 s - 3 scrolls of teleportation {unknown}
 t - 3 scrolls of remove curse {unknown}
 z - a scroll of fear {unknown}
 A - a scroll of enchant weapon {unknown}
Potions
 f - 3 potions of might
 m - 3 potions of curing
 r - 2 potions of heal wounds
 u - a potion of berserk rage
 v - 3 potions of haste
 w - a potion of stabbing {unknown}
Comestibles
 d - 4 rations
 B - 8 chunks of flesh


   Skills:
 + Level 6.2 Fighting
 + Level 6.5 Slings
 + Level 5.3 Dodging
 - Level 5.0 Stealth
 - Level 1.0 Spellcasting
 - Level 3.0 Hexes


You had 8 spell levels left.
You knew the following spells:

 Your Spells              Type           Power        Failure   Level  Hunger
a - Corona                Hex            #......      7%          1    ##.....

Your spell library contained the following spells:

 Spells                   Type           Power        Failure   Level  Hunger
 Slow                     Hex            #.......     11%         2    ###....
 Inner Flame              Hex/Fire       #.......     36%         3    ####...
 Portal Projectile        Hex/Tloc       #.....       36%         3    ####...
 Cause Fear               Hex            #.........   56%         4    #####..
 Leda's Liquefaction      Hex/Erth       #.........   78%         4    #####..


Dungeon Overview and Level Annotations

Branches:
Dungeon (6/15)             Temple (1/1) D:5

Altars:
Ashenzari
Cheibriados
Elyvilon
Gozag
Hepliaklqana
Kikubaaqudgha
Makhleb
Nemelex Xobeh
Okawaru
Qazlal
Ru
Sif Muna
Uskayaw
Vehumet
Xom
Yredelemnul
Zin
The Shining One

Annotations:
D:4 1 runed translucent door, Crazy Yiuf


Innate Abilities, Weirdness & Mutations

You cannot wear most types of armour.
You are very stealthy in the water. (Stealth+)
You are amphibious.
You can wear up to eight rings at the same time.
You can use your tentacles to constrict eight enemies at once.
Your skin changes colour to match your surroundings (Stealth+).
Your rubbery body absorbs attacks. (AC +1, EV +1)


Message History

Firing (i - inventory. (/) - cycle)
g - 264 stones (quivered)
Press: ? - help, Shift-Dir - straight line, f/p - gnoll
Aim: a gnoll, wielding a +0 flail of protection (almost dead)
You shoot a stone. The stone hits the gnoll.
You kill the gnoll!
The gnoll hits you with a +0 flail!
You are too injured to fight recklessly!
You are too injured to fight recklessly!
You are too injured to fight recklessly!
Firing (i - inventory. (/) - cycle)
g - 263 stones (quivered)
Press: ? - help, Shift-Dir - straight line, f - gnoll
Aim: a gnoll, wielding a +0 flail
Okay, then.
Your +0 dagger of holy wrath softly glows with a divine radiance!
b - a +0 dagger of holy wrath (weapon)
The gnoll hits you with a +0 flail!
* * * LOW HITPOINT WARNING * * *
You barely miss the gnoll. You grab the gnoll. You constrict the gnoll.
The gnoll hits you with a +0 flail!
You die...

# ....# ........ ... .. ######
#..# #..##.# ..# #...
##...####..#######..##.###'###...
.......'.........................
.......#.........................
.......#........)................
.......#.........)...............
.......#.........................
.......#........@g....)(((..(....
.##....##>.....##...#..#...##..##
###....#################+#######
..#.....# ..'.....# ..#...>.#
.####..## ## ####


You could see a gnoll.

Vanquished Creatures
  Pikel (D:5)
  Sigmund (D:4)
  Edmund (D:6)
  An ice beast (D:5)
  A centaur (D:5)
  An ogre (D:5)
  A scorpion (D:4)
  2 crimson imps (D:5)
  A hound (D:5)
  A bullfrog zombie (D:5)
  2 orc priests (D:3)
  A centaur skeleton (D:4)
  2 iguanas
  A worker ant (D:5)
  6 gnolls
  8 adders
  3 worms (D:3)
  2 dart slugs (D:1)
  9 leopard geckos
  5 orcs
  2 ball pythons
  13 bats
  8 giant cockroaches
  10 goblins
  6 hobgoblins
  3 jackals (D:3)
  A quokka (D:4)
  3 frilled lizards
  7 kobolds
  A quokka skeleton (D:4)
  4 rats
108 creatures vanquished.

Notes
Turn   | Place    | Note
-------+----------+-------------------------------------------
     0 | D:1      | mopl the Octopode Arcane Marksman began the quest for the
                  | Orb.
     0 | D:1      | Reached XP level 1. HP: 13/13 MP: 2/2
    80 | D:1      | Reached skill level 1 in Stealth
   132 | D:1      | Reached XP level 2. HP: 18/18 MP: 3/3
   365 | D:1      | Reached XP level 3. HP: 24/24 MP: 4/4
   612 | D:1      | You fall into a shaft and drop 1 floor!
   855 | D:2      | Reached XP level 4. HP: 29/29 MP: 5/5
  2518 | D:3      | Reached XP level 5. HP: 35/35 MP: 6/6
  3848 | D:3      | Reached XP level 6. HP: 42/42 MP: 7/7
  4121 | D:4      | Noticed Sigmund
  4272 | D:4      | Reached skill level 5 in Stealth
  4304 | D:4      | Found a runed translucent door.
  4305 | D:4      | Noticed Crazy Yiuf
  4607 | D:4      | Killed Sigmund
  4607 | D:4      | Reached XP level 7. HP: 37/48 MP: 8/8
  4978 | D:5      | Entered Level 5 of the Dungeon
  5358 | D:5      | Reached skill level 5 in Slings
  5506 | D:5      | Reached XP level 8. HP: 8/54 MP: 9/9
  5879 | D:5      | Noticed Pikel
  5915 | D:5      | Killed Pikel
  5915 | D:5      | Reached skill level 5 in Fighting
  5940 | D:5      | Reached skill level 5 in Dodging
  5998 | D:5      | Found a staircase to the Ecumenical Temple.
  6007 | Temple   | Entered the Ecumenical Temple
  6550 | D:6      | Noticed Edmund
  6579 | D:6      | Killed Edmund
  6655 | D:6      | Slain by a gnoll

Illustrated notes

Levels and vault maps discovered:
D:1:      scummos_arrival_checkerplants, layout_basic, minmay_misc_feat_plants
D:2:      layout_loops_ring, serial_aquarium, aquarium_bridge_square
          [aquarium_subvault_window, aquarium_subvault_window,
          aquarium_subvault_window, aquarium_subvault_bridge],
          aquarium_bridge_square [aquarium_subvault_balcony,
          aquarium_subvault_wall, aquarium_subvault_wall,
          aquarium_subvault_bridge], aquarium_window_double,
          aquarium_window_fake, aquarium_window_1, aquarium_view_2c,
          first_ration
D:3:      layout_loops_ring, serial_forest, infiniplex_forest_end_3,
          infiniplex_forest_lined_ring, infiniplex_forest_lined_2,
          infiniplex_forest_clump_medium, infiniplex_forest_straight_4,
          infiniplex_forest_zigzag_1, infiniplex_forest_clump_curved,
          minmay_circle_x
D:4:      layout_rooms, hangedman_decor_push, kennysheep_generic_room_8,
          uniq_crazy_yiuf_cottage, uniq_sigmund
D:5:      layout_loops_ring, minmay_temple_entry_antechambers, uniq_pikel
D:6:      layout_gridville, uniq_edmund, uniq_prince_ribbit1, uniq_grinder
Temple:   dpeg_five_rooms_temple

Skill      XL: |  1  2  3  4  5  6  7  8 |
---------------+-------------------------+-----
Stealth        | 1 2 3 4 5 |  5.0
Fighting       | 2 3 4 6 |  6.2
Slings         | 3 4 5 6 |  6.5
Dodging        | 3 5 |  5.3
Spellcasting   | |  1.0
Hexes          | |  3.0

Action                   |  1- 3 |  4- 6 |  7- 9 || total
-------------------------+-------+-------+-------++-------
Melee: Dagger            |    12 |     9 |     4 ||    25
       Constrict         |     2 |     2 |     2 ||     6
       Tentacles         |     1 |     1 |     1 ||     3
 Fire: Hunting sling     |   100 |   167 |   119 ||   386
Throw: Dart              |       |    17 |    17 ||    34
  Use: Scroll            |       |     5 |       ||     5
  Eat: Chunk             |       |    10 |     7 ||    17
Armor: Skin              |     3 |     3 |     2 ||     8
Dodge: Dodged            |    35 |    36 |    39 ||   110
